 Dungeon Crawl Stone Soup version 0.23.2-33-g5129a83184 (webtiles) character file.

Game seed: 18070822502954731962

15 MalarOregon the Poker (level 2, -1/22 HPs)
             Began as a Merfolk Skald on Aug 2, 2019.
             Slain by a worker ant (5 damage)
             ... on level 1 of the Dungeon.
             The game lasted 00:01:01 (1049 turns).

MalarOregon the Poker (Merfolk Skald)               Turns: 1049, Time: 00:01:01

Health: -1/22      AC:  3    Str: 11    XL:     2   Next: 50%
Magic:  5/5        EV: 12    Int: 12    God:
Gold:   63         SH:  0    Dex: 13    Spells: 4/5 levels left

rFire    . . .     SeeInvis .   a - +0 spear
rCold    . . .     Gourm    .   (no shield)
rNeg     . . .     Faith    .   b - +0 leather armour
rPois    .         Spirit   .   (no helmet)
rElec    .         Reflect  .   (no cloak)
rCorr    .         Harm     .   (no gloves)
MR       .....                  (no boots)
Stlth    +.........             (no amulet)
HPRegen  0.07/turn              (no ring)
MPRegen  0.09/turn              (no ring)

@: confused, lethally poisoned (-1 -> -15)
A: change form in water, swift swim, stealthy swim
a: no special abilities


You were on level 1 of the Dungeon.
You were not hungry.

You visited 1 branch of the dungeon, and saw 2 of its levels.

You collected 63 gold pieces.

Inventory:

Hand Weapons
 a - a +0 spear (weapon)
Armour
 b - a +0 leather armour (worn)
Scrolls
 c - a scroll of identify {unknown}
 f - a scroll of immolation {unknown}
 i - 2 scrolls of remove curse {unknown}
 j - a scroll of enchant armour {unknown}
Potions
 g - a potion of magic {unknown}
Comestibles
 e - 4 rations {!d}


   Skills:
 - Level 2.1 Fighting
 + Level 4.5 Polearms
 - Level 0.6 Armour
 - Level 2.6 Dodging
 - Level 2.0 Spellcasting
 - Level 3.2 Charms


You had 4 spell levels left.
You knew the following spells:

 Your Spells              Type           Power        Failure   Level  Hunger
a - Infusion              Chrm           #...         10%         1    ##.....

Your spell library contained the following spells:

 Spells                   Type           Power        Failure   Level  Hunger
 Song of Slaying          Chrm           #.......     14%         2    ###....
 Shroud of Golubria       Chrm/Tloc      #.........   28%         2    ###....
 Regeneration             Chrm/Necr      #.........   50%         3    ####...
 Spectral Weapon          Hex/Chrm       #.......     50%         3    ####...


Dungeon Overview and Level Annotations

Branches:
Dungeon (2/15)

Altars:


Message History

You hit the worker ant but do no damage.
The frilled lizard bites you but does no damage.
The worker ant bites you but does no damage.
You hit the worker ant but do no damage.
The worker ant bites you!
* * * LOW HITPOINT WARNING * * *
The frilled lizard closely misses you.
You hit the worker ant. The worker ant bites you.
* * * LOW HITPOINT WARNING * * *
You are lethally poisoned!
The worker ant poisons you!
It was a potion of ambrosia.
You are confused.
You feel invigorated.
* * * LOW HITPOINT WARNING * * *
You feel sick. The worker ant bites you.
* * * LOW HITPOINT WARNING * * *
You are more poisoned.
The worker ant poisons you!
* * * LOW HITPOINT WARNING * * *
You feel sick. The worker ant bites you.
* * * LOW HITPOINT WARNING * * *
* * * LOW HITPOINT WARNING * * *
You feel sick. The worker ant closely misses you.
You miss the worker ant.
* * * LOW HITPOINT WARNING * * *
You feel sick. The worker ant barely misses you. The frilled lizard misses you.
You bump into the rock wall.
You feel less invigorated.
You feel less confused.
You feel sick. The worker ant barely misses you.
The frilled lizard bites you but does no damage.
Unknown command.
You hit the worker ant. The worker ant bites you.
* * * LOW HITPOINT WARNING * * *
You are more poisoned.
The worker ant poisons you! The frilled lizard misses you.
You closely miss the worker ant.
* * * LOW HITPOINT WARNING * * *
You feel sick.
The worker ant bites you but does no damage.
You hit the worker ant but do no damage.
* * * LOW HITPOINT WARNING * * *
You feel sick. The worker ant bites you.
* * * LOW HITPOINT WARNING * * *
The frilled lizard barely misses you.
You are confused.
You feel invigorated.
* * * LOW HITPOINT WARNING * * *
You feel sick. The worker ant bites you.
You die...

.#....#####...#.##.........###
.#....##.........#..######.#
.#....##.##..##..#..######.#
.......)............#......######
....#............................
.............##..#..#.#.##.###..#
.............##..#..#.#.######P.#
....#.........#..#.......#..P...#
.............>#a@#.##.#.##..P..P#
...............l........#...PP.##
....#.....#.#......##.#####....##
...............#.#........######
##..#......................#
...................##.##.#.#
....#.....#.#.........##.#.#
..........#.#####..#.....#.#
....#..#..#.# #..#.#####.#


You could see a worker ant and a frilled lizard.

Vanquished Creatures
  A leopard gecko (D:1)
  A giant cockroach (D:1)
  3 hobgoblins (D:1)
  10 frilled lizards (D:1)
  A kobold (D:1)
16 creatures vanquished.

Notes
Turn   | Place    | Note
-------+----------+-------------------------------------------
     0 | D:1      | MalarOregon the Merfolk Skald began the quest for the Orb.
     0 | D:1      | Reached XP level 1. HP: 16/16 MP: 3/3
   143 | D:1      | Reached skill level 4 in Polearms
   143 | D:1      | Reached XP level 2. HP: 9/22 MP: 5/5
  1049 | D:1      | Slain by a worker ant

Skill      XL: |  1 |
---------------+----+-----
Polearms       | 4 |  4.5
Fighting       | |  2.1
Armour         | |  0.6
Dodging        | |  2.6
Spellcasting   | |  2.0
Charms         | |  3.2

Action                   || total
-------------------------++-------
Melee: Spear             ||    57
  Use: Potion            ||     2
Armor: Leather armour    ||     9
Dodge: Dodged            ||    24
